 Dungeon Crawl Stone Soup version 0.31-a0-836-g3ceb0a68c4 (webtiles) character file.

Game seed: 11314315215608192794

198 noobcanoe the Ruffian (level 5, -3/29 HPs)
             Began as an Octopode Shapeshifter on Sept 27, 2023.
             Was a Follower of Hepliaklqana.
             Splashed by a jelly's acid (9 damage)
             ... in a sewer.
             The game lasted 00:06:28 (2088 turns).

noobcanoe the Ruffian (Octopode Shapeshifter)       Turns: 2088, Time: 00:06:30

Health: -3/29      AC: -7    Str: 18    XL:     5   Next: 77%
Magic:  5/5        EV: 13    Int: 11    God:    Hepliaklqana [*.....]
Gold:   111        SH:  0    Dex: 12    Spells: 4/4 levels left

rFire   . . .        a - +3 whip (venom)
rCold   . . .        (no shield)
rNeg    . . .        (helmet currently unavailable)
rPois   .            (no amulet)
rElec   .            (no ring)
rCorr   .            (no ring)
SInv    .            (no ring)
Will    +....        (no ring)
Stlth   +++          (no ring)
HPRegen 0.24/turn    (no ring)
MPRegen 0.09/turn    (no ring)
                     (no ring)

%: no passive effects
@: beast-form, corroded, invisible
A: beast (slay +2), reduced essence, almost no armour, amphibious, 8 rings,
camouflage 1, gelatinous body 1, nimble swimmer 1, tentacles, tentacle spike 1,
strong-willed 1, strong 1
a: Begin Untransformation, Renounce Religion, Recall Ancestor, Ancestor Identity


You were in a sewer.
You worshipped Hepliaklqana.
Hepliaklqana was aware of your devotion.
You were a hulking beast.
You visited 1 branch of the dungeon, and saw 3 of its levels.
You also visited: Sewer.

You collected 111 gold pieces.

Inventory:

Hand Weapons
 a - a +3 whip of venom (weapon)
 g - a +0 dagger
Missiles
 l - 5 poisoned darts
Talismans
 b - a beast talisman (active)
 c - a flux talisman
Scrolls
 e - a scroll of revelation {unknown}
 j - 2 scrolls of poison {!r}
 k - a scroll of fear
Potions
 f - a potion of mutation {!q}
 h - a potion of lignification {!q}


   Skills:
 - Level 1.0 Fighting
 - Level 2.0 Dodging
 + Level 4.9 Unarmed Combat
 + Level 4.6 Shapeshifting


You had 4 spell levels left.
You didn't know any spells.
Your spell library was empty.

Dungeon Overview and Level Annotations

Branches:
Dungeon (3/15)              Sewer (1/1)

Altars:
Hepliaklqana
Vehumet

Annotations:
D:2 Sigmund


Innate Abilities, Weirdness & Mutations

You are a hulking beast.
Your limbs bulge with bestial killing power. (Slay +2)
Your life essence is reduced to manifest your ancestor. (-10% HP)
You cannot wear most types of armour.
You are amphibious.
You can wear up to eight rings at the same time.
Your skin changes colour to match your surroundings (Stealth+).
Your rubbery body absorbs attacks. (AC +1, EV +1)
You are camouflaged when in or above water. (Stealth+)
You have tentacles for arms and can constrict up to eight enemies at once.
One of your tentacles bears a spike.
You are strong-willed. (Will+)
Your muscles are strong. (Str +4, Int/Dex -1)


Message History

A rat comes into view.
The air fills with toxic fumes!
As you read the scroll labelled IRICVY VOERY, it crumbles to dust.
It was a scroll of poison.
Flipper hits the frilled lizard.
The frilled lizard dies!
The jelly jiggles.
Press: ? - help, v - describe, . - travel
Here: a jelly (poison gas)
The floor.
The jelly hits Flipper.
Flipper is splashed with acid.
The acid corrodes Flipper!
The jelly hits Flipper.
Flipper is splashed with acid.
Flipper seems to be corroded for longer.
Flipper is destroyed!
Okay, then.
It was a potion of invisibility.
You fade into invisibility!
It was a potion of curing.
You feel better.
You hit the jelly.
Your tentacles burn!
You squeeze the jelly!
You kill the jelly!
The jelly barely misses you.
You barely miss the jelly.
You pierce the jelly.
The jelly is moderately wounded.
The jelly barely misses you.
You hit the jelly.
Your tentacles burn!
You pierce the jelly.
The jelly is severely wounded.
The jelly closely misses you.
You hit the jelly.
Your tentacles burn!
The jelly is almost dead.
The jelly hits you. The acid corrodes you!
You are splashed with acid!
* * * LOW HITPOINT WARNING * * *
You hit the jelly but do no damage. The acid corrodes you!
Your tentacles burn!
* * * LOW HITPOINT WARNING * * *
You squeeze the jelly, but do no damage.
The jelly is almost dead.
The river rat twitches its whiskers.
The jelly hits you.
* * * LOW HITPOINT WARNING * * *
You are splashed with acid!
You die...

#.~.~.~~## #.~.~.~~.
.~~...~..##
###~~..~~..
~~~~..#.~0##
00##.~######
.##..~##~00##00##~.#
#~.. ##00000~##..#
#..#
#0000.###~.######
#~. ##00####
#........
#000###000#
#....~..~ #00000h00#
######### ##000J.0##
####0%## #00# .r0#
00.## ~0#


000 You could see a jelly and a river rat.

Vanquished Creatures
  A jelly (Sewer)
  Terence (D:2)
  4 gnolls
  3 adders
  A worm (D:2)
  3 dart slugs
  7 ball pythons
  13 endoplasms
  6 giant cockroaches
  5 goblins
  5 hobgoblins
  A quokka (D:2)
  5 bats
  4 frilled lizards
  5 kobolds
  A rat (Sewer)
65 creatures vanquished.

Vanquished Creatures (collateral kills)
  A frilled lizard (Sewer)
1 creature vanquished.

Vanquished Creatures (others)
  An ancestor (Sewer)
1 creature vanquished.

Grand Total: 67 creatures vanquished

Notes
Turn   | Place    | Note
-------+----------+-------------------------------------------
     0 | D:1      | noobcanoe the Octopode Shapeshifter began the quest for the
                  | Orb.
     0 | D:1      | Reached XP level 1. HP: 13/13 MP: 1/1
   169 | D:1      | Reached XP level 2. HP: 18/18 MP: 2/2
   431 | D:1      | Reached XP level 3. HP: 18/23 MP: 3/3
   679 | D:2      | Noticed Sigmund
   717 | D:2      | Noticed Terence
   995 | D:2      | Gained mutation: Your muscles are strong. (Str +4, Int/Dex
                  | -1) [potion of mutation]
   995 | D:2      | Gained mutation: You are strong-willed. (Will+) [potion of
                  | mutation]
   995 | D:2      | Gained mutation: One of your tentacles bears a spike.
                  | [potion of mutation]
   995 | D:2      | Killed Terence
   996 | D:2      | Reached skill level 4 in Unarmed Combat
   996 | D:2      | Reached skill level 4 in Shapeshifting
   996 | D:2      | Reached XP level 4. HP: 7/28 MP: 4/4
  1463 | D:2      | Reached XP level 5. HP: 14/33 MP: 5/5
  1809 | D:3      | Found a faded altar of an unknown god.
  1816 | D:3      | Prayed at the altar of an unknown god.
  1816 | D:3      | Became a worshipper of Hepliaklqana the Forgotten
  1816 | D:3      | Reached * piety under Hepliaklqana
  1866 | D:3      | Found a radiant altar of Vehumet.
  1889 | D:3      | Found a glowing drain.
  1952 | Sewer    | Entered a sewer
  2088 | Sewer    | Splashed by a jelly's acid

Illustrated notes

Levels and vault maps discovered:
D:1:      dpeg_arrival_fog, layout_basic, dreamdust_wishing_well
D:2:      layout_basic, uniq_terence, uniq_sigmund
D:3:      layout_rooms, vehumet_crystals, basic_ecumenical_altar,
          portal_sewer_entry_e, uniq_crazy_yiuf_cottage
Sewer:    sewer_hellmonk_slimy_pipes

Skill      XL: |  1  2  3 |
---------------+----------+-----
Unarmed Combat | 4 |  4.9
Shapeshifting  | 4 |  4.6
Fighting       | |  1.0
Dodging        | |  2.0

Action                     |  1- 3 |  4- 6 || total
---------------------------+-------+-------++-------
  Melee: Unarmed           |    36 |       ||    36
         Constrict         |    15 |    17 ||    32
         Tentacles         |    13 |    13 ||    26
         Punch             |     2 |     2 ||     4
         Dagger            |    25 |    16 ||    41
         Kick              |       |    23 ||    23
         Whip              |       |    41 ||    41
 Invoke: Ancestor Identity |       |     1 ||     1
    Use: Scroll            |     2 |     1 ||     3
         Potion            |     1 |     2 ||     3
   Stab: Sleeping          |     5 |     9 ||    14
 Armour: Skin              |    19 |    14 ||    33
  Dodge: Dodged            |    41 |    28 ||    69

Table legend: (Time is in decaauts)
 A = Elapsed time spent in this place.
 B = Non-inter-level travel time spent in this place.
 C = Inter-level travel time spent in this place.
 D = Time resting spent in this place.
 E = Time spent auto-exploring this place.
 F = Levels seen in this place.
 G = Mean time per level.
                   A        B        C        D        E       F      G
               +--------+--------+--------+--------+--------+-----+--------+
         Total |   2090 |   1845 |    245 |    219 |   1185 |   4 |  522.5 |
       Dungeon |   1952 |   1707 |    245 |    219 |   1119 |   3 |  650.7 |
         Sewer |    138 |    138 |      0 |      0 |     66 |   1 |  138.0 |
               +--------+--------+--------+--------+--------+-----+--------+

Top non-repeatable levels by time:
     D:1: 996 daAuts
     D:2: 812 daAuts
     D:3: 143 daAuts
   Sewer: 138 daAuts

Table legend: (Time is in decaauts)
 A = Elapsed time spent in this place.
 B = Non-inter-level travel time spent in this place.
 C = Inter-level travel time spent in this place.
 D = Time resting spent in this place.
 E = Time spent auto-exploring this place.
 F = Levels seen in this place.
 G = Mean time per level.
                   A        B        C        D        E       F      G
               +--------+--------+--------+--------+--------+-----+--------+
         Total |   2090 |   1845 |    245 |    219 |   1185 |   4 |  522.5 |
       Dungeon |   1952 |   1707 |    245 |    219 |   1119 |   3 |  650.7 |
         Sewer |    138 |    138 |      0 |      0 |     66 |   1 |  138.0 |
               +--------+--------+--------+--------+--------+-----+--------+

Top non-repeatable levels by time:
     D:1: 996 daAuts
     D:2: 812 daAuts
     D:3: 143 daAuts
   Sewer: 138 daAuts

Table legend:
 A = Kills in this place as a percentage of kills in the entire game.
 B = Kills by you in this place as a percentage of kills by you in the entire game.
 C = Kills by friends in this place as a percentage of kills by friends in the entire game.
 D = Other kills in this place as a percentage of other kills in the entire game.
 E = Experience gained in this place as a percentage of experience gained in the entire game.
 F = Experience gained in this place divided by the number of levels of this place that you have seen.
                   A       B       C       D       E      F
               +-------+-------+-------+-------+-------+----------------------
         Total | 100.0 | 100.0 | 100.0 |   N/A | 100.0 |  71.0
       Dungeon |  72.7 |  73.8 |   0.0 |   N/A |  66.5 |  63.0
         Sewer |  27.3 |  26.2 | 100.0 |   N/A |  33.5 |  95.0
               +-------+-------+-------+-------+-------+----------------------

Levels and vault maps discovered:
D:1:      dpeg_arrival_fog, layout_basic, dreamdust_wishing_well
D:2:      layout_basic, uniq_terence, uniq_sigmund
D:3:      layout_rooms, vehumet_crystals, basic_ecumenical_altar,
          portal_sewer_entry_e, uniq_crazy_yiuf_cottage
Sewer:    sewer_hellmonk_slimy_pipes

Action                     |  1- 3 |  4- 6 || total
---------------------------+-------+-------++-------
  Melee: Unarmed           |    36 |       ||    36
         Constrict         |    15 |    17 ||    32
         Tentacles         |    13 |    13 ||    26
         Punch             |     2 |     2 ||     4
         Dagger            |    25 |    16 ||    41
         Kick              |       |    23 ||    23
         Whip              |       |    41 ||    41
 Invoke: Ancestor Identity |       |     1 ||     1
    Use: Scroll            |     2 |     1 ||     3
         Potion            |     1 |     2 ||     3
   Stab: Sleeping          |     5 |     9 ||    14
 Armour: Skin              |    19 |    14 ||    33
  Dodge: Dodged            |    41 |    28 ||    69
